 Dungeon Crawl Stone Soup version 0.18.1-5-g4a78601 (webtiles) character file.

129 shmeve the Chopper (level 5, -1/46 HPs)
             Began as a Hill Orc Fighter on May 11, 2016.
             Succumbed to a kobold's poison
             ... on level 3 of the Dungeon.
             The game lasted 00:03:21 (1480 turns).

shmeve the Chopper (Hill Orc Fighter)               Turns: 1480, Time: 00:03:22

Health: -1/46      AC: 10    Str: 20    XL:     5   Next: 12%
Magic:  5/5        EV:  5    Int:  8    God:
Gold:   82         SH:  9    Dex: 10    Spells: 0 memorised, 4 levels left

rFire  . . .     SeeInvis .     a - +0 war axe
rCold  . . .     Gourm    .     e - +0 chain mail
rNeg   . . .     Faith    .     c - +0 shield
rPois  .         Spirit   .     (no helmet)
rElec  .         Dismiss  .     p - +0 cloak
rCorr  .         Reflect  .     (no gloves)
SustAt .         Harm     .     (no boots)
MR     .....                    (no amulet)
Stlth  ..........               (no ring)
                                i - ring of stealth

@: lethally poisoned (-1 -> -17), drained, not resistant to hostile
enchantments, extremely unstealthy
A: no striking features
a: no special abilities


You were on level 3 of the Dungeon.
You were not hungry.

You visited 1 branch of the dungeon, and saw 3 of its levels.

You collected 82 gold pieces.

Inventory:

Hand Weapons
 a - a +0 war axe (weapon)
Armour
 c - a +0 shield (worn)
 e - a +0 chain mail (worn)
 p - a +0 cloak (worn)
Jewellery
 i - a ring of stealth (left hand)
Wands
 t - a wand of digging (1/24)
Scrolls
 b - a scroll of identify
 g - 4 scrolls of noise
 j - 3 scrolls of teleportation
 k - a scroll of blinking
 r - a scroll of immolation {unknown}
 s - 2 scrolls of fear
 u - a scroll of enchant armour {unknown}
 v - a scroll of magic mapping {unknown}
Potions
 d - a potion of might
 l - a potion of cancellation
 o - 2 potions of flight {unknown}
Comestibles
 f - 3 bread rations
 h - 3 meat rations
 m - 6 fruits
 n - 3 chunks of flesh


   Skills:
 * Level 4.3(4.1) Fighting
 * Level 4.5(4.2) Axes
 + Level 3.6(3.4) Armour
 + Level 1.0(0.8) Dodging
 * Level 4.2(4.0) Shields


You had 4 spell levels left.
You didn't know any spells.

Dungeon Overview and Level Annotations

Branches:
Dungeon (3/15)

Altars:
Pakellas


Message History

a poisoned needle; a mace; a dagger; an orc corpse x2
Unknown command.
* * * LOW HITPOINT WARNING * * *
You feel sick.
The kobold unwields an uncursed blowgun.
The kobold hits you but does no damage.
You hit the kobold.
You kill the kobold!
* * * LOW HITPOINT WARNING * * *
You feel sick.
* * * LOW HITPOINT WARNING * * *
You feel sick.
Things that are here:
an uncursed blowgun; 7 poisoned needles; a kobold corpse
* * * LOW HITPOINT WARNING * * *
You feel sick.
Unknown command.
Drink which item? (? for menu, Esc to quit)
It was a potion of cancellation.
You feel magically purged.
You die...

......#..........# ..#
....#####......####..#
..............).......
#....#..)#..#..###..#
##......(.#.......#
......#.#(##.#....#
###......#...#.....
#...)..#........##
###@.......#....#
#......#####.##
.........# .#
..#........
....#...#####
......##.# ...... .#
...... #


There were no monsters in sight!

Vanquished Creatures
  Ijyb (D:3)
  4 gnolls (D:3)
  An adder (D:2)
  An ooze (D:2)
  A dart slug (D:2)
  4 orcs (D:3)
  2 ball pythons (D:2)
  A giant cockroach (D:1)
  7 goblins
  5 hobgoblins
  5 jackals
  A quokka (D:2)
  3 bats
  3 giant newts
  3 kobolds
  3 rats
45 creatures vanquished.

Notes
Turn   | Place    | Note
--------------------------------------------------------------
     0 | D:1      | shmeve the Hill Orc Fighter began the quest for the Orb.
     0 | D:1      | Reached XP level 1. HP: 19/19 MP: 1/1
   109 | D:1      | Reached XP level 2. HP: 27/27 MP: 2/2
   707 | D:2      | Reached XP level 3. HP: 33/33 MP: 3/3
  1227 | D:2      | Found an oddly glowing altar of Pakellas.
  1434 | D:3      | Reached XP level 4. HP: 30/40 MP: 4/4
  1437 | D:3      | Noticed Ijyb
  1449 | D:3      | Killed Ijyb
  1449 | D:3      | Reached skill level 1 in Dodging
  1449 | D:3      | Reached XP level 5. HP: 13/46 MP: 5/5
  1478 | D:3      | HP: 2/46 [poisoned by a kobold]
  1480 | D:3      | Succumbed to a kobold's poison

Skill      XL: |  1  2  3  4 |
---------------+-------------+-----
Axes           | 3 4 |  4.5
Fighting       | 4 |  4.3
Shields        | 4 |  4.2
Dodging        | 1 |  1.0
Armour         | |  3.6

Action                   |  1- 3 |  4- 6 || total
-------------------------+-------+-------++-------
Melee: War axe           |   110 |    24 ||   134
  Use: Scroll            |     6 |       ||     6
       Potion            |       |     1 ||     1
  Eat: Chunk             |     2 |       ||     2
Armor: Chain mail        |    74 |    13 ||    87
       Scale mail        |     5 |       ||     5
Dodge: Dodged            |    32 |     5 ||    37
Block: Shield            |    58 |    20 ||    78
